 Dungeon Crawl Stone Soup version 0.26-a0-712-ga5a9c9c9d0 (webtiles) character file.

Game seed: 3931105631357653819

45 Apogee the Insei (level 3, -8/24 HPs)
             Began as an Octopode Transmuter on Nov 13, 2020.
             Mangled by an ogre
             ... wielding a +0 giant spiked club
              (20 damage)
             ... on level 2 of the Dungeon.
             The game lasted 00:02:54 (1835 turns).

Apogee the Insei (Octopode Transmuter)              Turns: 1835, Time: 00:02:55

Health: -8/24      AC:  1    Str:  9    XL:     3   Next: 64%
Magic:  5/6        EV: 13    Int: 15    God:
Gold:   39         SH:  0    Dex: 13    Spells: 5/6 levels left

rFire    . . .     SeeInvis .     - Unarmed
rCold    . . .     Faith    .   (no shield)
rNeg     . . .     Spirit   .   (helmet currently unavailable)
rPois    .         Reflect  .   (no amulet)
rElec    .         Harm     .   (no ring)
rCorr    .         Rampage  .   (no ring)
MR       .....                  (no ring)
Stlth    ++........             (no ring)
HPRegen  0.08/turn              (no ring)
MPRegen  0.10/turn              (no ring)
                                (no ring)
                                (no ring)

@: appendages
A: almost no armour, stealthy swim, amphibious, 8 rings, constrict 8, tentacle
spike 3, camouflage 1, gelatinous body 1
a: End Transformation


You were on level 2 of the Dungeon.
One of your tentacles had a temporary spike.
You visited 1 branch of the dungeon, and saw 2 of its levels.

You collected 39 gold pieces.

Inventory:

Jewellery
 c - an uncursed ring of poison resistance {unknown}
   (You found it on level 1 of the Dungeon)
Scrolls
 b - 2 scrolls of remove curse {unknown}
 d - a scroll of teleportation {unknown}
 e - a scroll of enchant weapon {unknown}
 f - 2 scrolls of fog {unknown}
 h - a scroll of identify {unknown}
Potions
 a - a potion of curing {unknown}
 g - a potion of ambrosia {unknown}


   Skills:
 + Level 1.8 Fighting
 - Level 2.0 Dodging
 * Level 3.8 Unarmed Combat
 - Level 2.0 Spellcasting
 + Level 2.5 Transmutations


You had 5 spell levels left.
You knew the following spells:

 Your Spells              Type           Power        Failure   Level
a - Beastly Appendage     Tmut           #.....       8%          1

Your spell library contained the following spells:

 Spells                   Type           Power        Failure   Level
 Wereblood                Tmut           #.......     12%         2
 Spider Form              Tmut/Pois      #.........   36%         3
 Ice Form                 Ice/Tmut       #.......     78%         4
 Blade Hands              Tmut           #.........   91%         5


Dungeon Overview and Level Annotations

Branches:
Dungeon (2/15)

Altars:


Innate Abilities, Weirdness & Mutations

You cannot wear most types of armour.
You are very stealthy in the water. (Stealth+)
You are amphibious.
You can wear up to eight rings at the same time.
You can use your tentacles to constrict eight enemies at once.
Your skin changes colour to match your surroundings (Stealth+).
Your rubbery body absorbs attacks. (AC +1, EV +1)
One of your tentacles bears a large vicious spike.


Message History

You now have 33 gold pieces (gained 5).
You open the door.
There is an open door here.
There is an open door here.
Found 6 gold pieces.
You now have 39 gold pieces (gained 6).
You open the door.
Found an escape hatch in the ceiling.
Found a scroll labeled GATTITY NUIHUKK.
There is an open door here.
h - a scroll labeled GATTITY NUIHUKK You open the door.
A ball python comes into view.
The ball python hisses angrily.
You hear a shout!
An ogre comes into view. It is wielding a +0 giant spiked club.
There are monsters nearby!
There are monsters nearby!
Sorry, you're not good enough to have a special ability.
Sorry, you're not good enough to have a special ability.
Unknown command.
There is an escape hatch in the ceiling here.
Really go through this one-way escape hatch?
A mysterious force pulls you upwards. The hatch slams shut behind you.
Okay, then.
You see here a stone.
There is a stone staircase leading down here.
You climb downwards.
There is a stone staircase leading up here.
You see here a +0 club.
Things that are here:
a +0 dagger; a goblin skeleton
There is an open door here.
You open the door.
There is an open door here.
Found a stone staircase leading up.
Found a stone staircase leading down.
There is a stone staircase leading down here.
The ogre shouts!
An ogre is nearby!
An ogre is nearby!
One of your tentacles grows a vicious spike.
You tentacle-slap the ogre.
You pierce the ogre.
The ogre hits you with a +0 giant spiked club!
Ouch! That really hurt!
* * * LOW HITPOINT WARNING * * *
You tentacle-slap the ogre but do no damage.
You pierce the ogre.
You squeeze the ogre.
The ogre hits you with a +0 giant spiked club!!
Ouch! That really hurt!
You die...

#.# #### #.# #.### # #.# #...# #
## #.# ###.# ## .## #.# #.# ##.
..## ####.# #.## ##.. ...##
##.##.# #..## ##...
....####...#.#########..(####....
....'..........O@...........'....
....####...#.#######.....####....
...## ##.##.# #.##.## ##... .<##
####.# #.#### ##.. .## #.# #.#
##. ## ... #.# ## #.# #.# # ..#
###.### ######## .## #.....#
#.......


You could see an ogre.

Vanquished Creatures
  A worm (D:2)
  2 dart slugs (D:1)
  A leopard gecko (D:2)
  2 giant cockroaches
  8 goblins
  4 hobgoblins
  6 jackals (D:1)
  2 bats
  2 frilled lizards
  4 kobolds
32 creatures vanquished.

Notes
Turn   | Place    | Note
-------+----------+-------------------------------------------
     0 | D:1      | Apogee the Octopode Transmuter began the quest for the Orb.
     0 | D:1      | Reached XP level 1. HP: 13/13 MP: 3/3
   237 | D:1      | Reached XP level 2. HP: 18/18 MP: 3/5
  1064 | D:1      | Reached XP level 3. HP: 14/23 MP: 4/6
  1673 | D:2      | Noticed an ogre
  1835 | D:2      | Mangled by an ogre

Illustrated notes

Levels and vault maps discovered:
D:1:      lightli_arrival_maybe_door_vault, layout_loops_corners,
          chequers_serial_rivers_micro_c
D:2:      layout_loops_corners, kennysheep_generic_room_15

Action                   || total
-------------------------++-------
Melee: Unarmed           ||    70
       Constrict         ||    24
       Tentacles         ||    16
       Kick              ||    13
       Punch             ||     2
 Cast: Beastly Appendage ||    18
 Stab: Sleeping          ||     2
Armor: Skin              ||     4
Dodge: Dodged            ||    36

Table legend: (Time is in decaauts)
 A = Elapsed time spent in this place.
 B = Non-inter-level travel time spent in this place.
 C = Inter-level travel time spent in this place.
 D = Time resting spent in this place.
 E = Time spent auto-exploring this place.
 F = Levels seen in this place.
 G = Mean time per level.
                   A        B        C        D        E       F      G
               +--------+--------+--------+--------+--------+-----+--------+
         Total |   1830 |   1799 |     31 |    181 |   1409 |   2 |  915.0 |
       Dungeon |   1830 |   1799 |     31 |    181 |   1409 |   2 |  915.0 |
               +--------+--------+--------+--------+--------+-----+--------+

Top non-repeatable levels by time:
     D:1: 1387 daAuts
     D:2: 443 daAuts
